 Dungeon Crawl Stone Soup version 0.27-a0-1046-g98bf31544f (webtiles) character file.

Game seed: 1255399712130997294

11370 snetch the Severer (level 11, -11/148 HPs)
             Began as a Minotaur Berserker on Apr 19, 2021.
             Was a High Priest of Trog.
             Mangled by Rupert
             ... wielding a +4 great sword of freezing
              (19 damage)
             ... on level 12 of the Dungeon.
             The game lasted 00:39:29 (14227 turns).

snetch the Severer (Minotaur Berserker)            Turns: 14227, Time: 00:39:30

Health: -11/148    AC: 19    Str: 25    XL:     11   Next: 48%
Magic:  10/10      EV:  9    Int: 10    God:    Trog [*****.]
Gold:   301        SH:  0    Dex: 10    Spells: 10/10 levels left

rFire    . . .     SeeInvis .   a - +4 battleaxe
rCold    . . .     Faith    +   (shield currently unavailable)
rNeg     . . .     Spirit   .   x - +0 plate armour
rPois    .         Reflect  .   (helmet restricted)
rElec    .         Harm     .   i - +0 cloak
rCorr    .         Rampage  .   (no gloves)
Will     .....                  Y - +0 pair of boots
Stlth    ..........             K - amulet of faith
HPRegen  0.34/turn              P - +6 ring of intelligence
MPRegen  0.12/turn              (no ring)

@: berserking, studying Armour, very quick
A: horns 2, retaliatory headbutt
a: Renounce Religion, Berserk, Trog's Hand, Brothers in Arms


You were on level 12 of the Dungeon.
You worshipped Trog.
Trog was extremely pleased with you.
You visited 2 branches of the dungeon, and saw 14 of its levels.

You collected 532 gold pieces.
You spent 231 gold pieces at shops.

Inventory:

Hand Weapons
 a - a +4 battleaxe (weapon)
 b - the +6 whip of Courage {elec, rC++ rN+++ Will- Int-4}
   (You took it off a centaur on level 5 of the Dungeon)

   Occasionally, upon striking a foe, it can discharge electrical energy and
   cause terrible harm.
   It affects your intelligence (-4).
   It greatly protects you from cold.
   It renders you almost immune to negative energy.
   It decreases your willpower.
 c - a +2 battleaxe of flaming
 k - a +0 trident
Missiles
 e - 313 stones
 l - 122 arrows
 D - 8 javelins
 F - 29 poisoned darts
 G - 77 sling bullets
 H - 51 bolts
 S - 4 boomerangs
 W - a curare-tipped dart
Armour
 i - a +0 cloak (worn)
 x - a +0 plate armour (worn)
 O - +0 swamp dragon scales
 Y - a +0 pair of boots (worn)
Jewellery
 n - an amulet of the acrobat
 K - an amulet of faith (around neck)
 P - a +6 ring of intelligence (left hand)
 T - a +6 ring of strength
Wands
 g - a wand of digging (11)
 t - a wand of polymorph (11)
 w - a wand of charming (7)
 J - a wand of flame (9)
 M - a wand of acid (3)
 X - a wand of iceblast (8)
Scrolls
 f - 3 scrolls of immolation
 j - 2 scrolls of blinking
 r - 3 scrolls of silence {unknown}
 v - 5 scrolls of enchant weapon {unknown}
 y - 2 scrolls of fear {unknown}
 A - 2 scrolls of enchant armour
 B - a scroll of fog
 E - 2 scrolls of amnesia {unknown}
 I - 2 scrolls of teleportation
 Q - a scroll of magic mapping
 Z - a scroll of summoning {unknown}
Potions
 d - a potion of might {unknown}
 h - 5 potions of haste {unknown}
 o - 2 potions of resistance
 p - 4 potions of mutation {unknown}
 q - a potion of lignification
 s - 2 potions of heal wounds
 z - a potion of ambrosia
 L - a potion of attraction
 N - 5 potions of curing
 V - 2 potions of berserk rage {unknown}
Miscellaneous
 R - a tin of tremorstones (inert)
 U - a piece from Xom's chessboard (15/15) (quivered)


   Skills:
 + Level 10.1 Fighting
 + Level 15.2 Axes
 + Level 0.8(10.2) Polearms
 + Level 12.9 Armour
 + Level 5.1 Dodging
 + Level 0.3 Evocations


You had 10 spell levels left.
You didn't know any spells.
Your spell library contained the following spells:

 Spells                   Type           Power      Damage    Failure   Level
 Apportation              Tloc           0%         N/A       97%         1
 Sandblast                Erth           0%         2d4       97%         1
 Blink                    Tloc           N/A        N/A       99%         2
 Passwall                 Tmut/Erth      0%         N/A       99%         2
 Gell's Gravitas          Tloc           0%         N/A       100%        3
 Lesser Beckoning         Tloc           0%         N/A       100%        3
 Stone Arrow              Conj/Erth      0%         3d7       100%        3
 Teleport Other           Tloc           0%         N/A       100%        3
 Tukima's Dance           Hex            0%         N/A       100%        3
 Petrify                  Tmut/Erth      0%         N/A       100%        4
 Alistair's Intoxication  Tmut/Pois      0%         N/A       100%        5
 Lee's Rapid Deconstruct  Erth           0%         3d5*      100%        5
 Manifold Assault         Tloc           0%         N/A       100%        5
 Invisibility             Hex            0%         N/A       100%        6


Dungeon Overview and Level Annotations

Branches:
Dungeon (13/15)            Temple (1/1) D:4            Lair (0/6) D:10
 Vaults (0/5) D:13
    Orc: D:9-12

Altars:
Ashenzari
Cheibriados
Dithmenos
Elyvilon
Fedhas
Gozag
Hepliaklqana
Kikubaaqudgha
Makhleb
Nemelex Xobeh
Okawaru
Qazlal
Ru
Sif Muna
Trog
Uskayaw
Vehumet
Wu Jian
Xom
Yredelemnul
Zin
The Shining One

Shops:
D:3 (   D:5 !=([*   D:7 *

Annotations:
D:3 hatch behind water
D:12 Rupert


Innate Abilities, Weirdness & Mutations

You have a pair of horns on your head.
You reflexively headbutt those who attack you in melee.


Message History

You closely miss the human. The human hits you but does no damage.
Unknown command.
You slice Rupert!! Your headbutt misses Rupert.
Rupert is moderately wounded.
You slash the human!
Rupert hits you with a +4 great sword of freezing!
Rupert freezes you. The human hits you but does no damage.
You slice Rupert!! You headbutt Rupert.
Rupert is heavily wounded.
You slash the human!
Rupert hits you with a +4 great sword of freezing!!
* * * LOW HITPOINT WARNING * * *
Rupert freezes you.
* * * LOW HITPOINT WARNING * * *
The human barely misses you. You furiously retaliate!
You headbutt the human!
You kill the human!
Trog accepts your kill.
A red film seems to cover your vision as you go berserk!
You feel yourself moving faster!
You feel mighty!
Rupert roars madly and goes into a rage!
Rupert goes berserk!
You slash Rupert! You headbutt Rupert!
Rupert is severely wounded.
Rupert hits you with a +4 great sword of freezing!!
* * * LOW HITPOINT WARNING * * *
Rupert freezes you.
* * * LOW HITPOINT WARNING * * *
You closely miss Rupert.
Rupert is severely wounded.
Rupert closely misses you.
You barely miss Rupert.
Rupert is severely wounded.
Rupert hits you with a +4 great sword of freezing.
* * * LOW HITPOINT WARNING * * *
Rupert freezes you.
* * * LOW HITPOINT WARNING * * *
You closely miss Rupert.
Rupert is severely wounded.
Rupert hits you with a +4 great sword of freezing!!
You die...

##########
#......>.#
#.....<..#
#........#
#........# .
+..#........#..#
#.....<......#
###....@@..###
#####.#### ..#
..## ..# ..# #+#


You could see Rupert (berserk).

Vanquished Creatures
  4 two-headed ogres
  An obsidian statue (D:9)
  A manticore (D:11)
  Maggie (D:6)
  A komodo dragon (D:11)
  A hornet (D:10)
  Sigmund (D:2)
  A shadow (D:11)
  A wraith (D:11)
  12 yaks (D:10)
  3 humans
  3 acid dragons
  A hornet zombie (D:9)
  3 orc warriors
  A sky beast (D:8)
  2 ice beasts
  2 ogres
  3 centaurs
  A phantom (D:5)
  3 kobold brigands
  3 bullfrogs
  A wyvern zombie (D:7)
  3 scorpions (D:4)
  A water moccasin zombie (D:3)
  A water moccasin skeleton (D:6)
  5 killer bees (D:11)
  9 wights
  4 howler monkeys
  3 bullfrog zombies
  7 centaur zombies
  3 hounds
  3 jellies
  7 orc priests
  2 bullfrog skeletons (D:5)
  5 iguanas
  10 orc wizards
  A howler monkey skeleton (D:5)
  Robin (D:2)
  A howler monkey zombie (D:9)
  4 adders
  3 shadow imps
  A white imp (D:6)
  An ufetubus (D:5)
  3 adder skeletons
  2 worms
  4 dart slugs
  37 orcs
  7 ball pythons
  12 endoplasms
  5 giant cockroaches
  21 goblins
  13 hobgoblins
  11 jackals
  6 quokkas
  2 bats
  23 kobolds
  5 rats
276 creatures vanquished.

Vanquished Creatures (others)
  A bush (D:6)
1 creature vanquished.

Grand Total: 277 creatures vanquished

Notes
Turn   | Place    | Note
-------+----------+-------------------------------------------
     0 | D:1      | snetch the Minotaur Berserker began the quest for the Orb.
     0 | D:1      | Reached XP level 1. HP: 19/19 MP: 0/0
   172 | D:1      | Reached XP level 2. HP: 24/27 MP: 1/1
   216 | D:1      | Reached skill level 4 in Axes
   303 | D:2      | Noticed Robin
   308 | D:2      | Reached ** piety under Trog
   311 | D:2      | Reached XP level 3. HP: 11/33 MP: 2/2
   312 | D:2      | Killed Robin
  1338 | D:1      | Reached XP level 4. HP: 41/41 MP: 3/3
  1707 | D:2      | Noticed Sigmund
  1719 | D:2      | Killed Sigmund
  1720 | D:2      | Reached skill level 5 in Fighting
  1720 | D:2      | Reached skill level 6 in Axes
  1720 | D:2      | Reached XP level 5. HP: 48/48 MP: 4/4
  1862 | D:3      | Found Pogastol's Weapon Shop.
  2364 | D:3      | Reached XP level 6. HP: 50/56 MP: 5/5
  2403 | D:3      | Found a faded altar of an unknown god.
  2448 | D:3      | Reached *** piety under Trog
  2783 | D:4      | Found a staircase to the Ecumenical Temple.
  3022 | D:3      | Bought a +0 broad axe for 56 gold pieces
  3123 | D:4      | Reached skill level 7 in Axes
  3422 | D:4      | Reached XP level 7. HP: 40/62 MP: 6/6
  3558 | D:5      | Entered Level 5 of the Dungeon
  3787 | D:4      | Reached skill level 8 in Axes
  4244 | Temple   | Entered the Ecumenical Temple
  4492 | D:5      | Identified the +6 whip of Courage {elec, rC++ rN+++ Will-
                  | Int-4}
  4682 | D:5      | Found Aranea's Jewellery Shoppe.
  4773 | D:5      | Reached XP level 8. HP: 59/71 MP: 7/7
  4872 | D:6      | Reached **** piety under Trog
  4873 | D:6      | Reached skill level 5 in Armour
  4892 | D:5      | Found Wan Isin's Antique Armour Emporium.
  5006 | D:5      | Reached skill level 9 in Axes
  5029 | D:5      | Identified the +0 helmet "Duerph" {rC+ Str-2 Dex+5}
  5037 | D:5      | Found Otionusu's General Store.
  5040 | D:5      | Bought a potion of curing for 39 gold pieces
  5040 | D:5      | Bought a scroll of teleportation for 39 gold pieces
  5040 | D:5      | Bought a scroll of identify for 26 gold pieces
  5040 | D:5      | Bought a wand of flame (9) for 71 gold pieces
  5356 | D:5      | Found Asitsoriy's Distillery.
  5644 | D:5      | Found Cossoroe's Antique Weapon Boutique.
  6132 | D:6      | Reached skill level 10 in Axes
  6385 | D:6      | Noticed Maggie
  6395 | D:6      | Killed Maggie
  6396 | D:6      | Reached XP level 9. HP: 28/79 MP: 8/8
  7103 | D:7      | Found Botheece's General Store.
  7232 | D:7      | Reached skill level 11 in Axes
  7268 | D:7      | Reached ***** piety under Trog
  7950 | D:7      | Identified a scroll of acquirement
  7955 | D:7      | Acquired a manual of Armour
  8565 | D:9      | Reached skill level 12 in Axes
  9064 | D:8      | Found a stormy altar of Qazlal.
  9583 | D:10     | Entered Level 10 of the Dungeon
  9662 | D:9      | Reached XP level 10. HP: 32/88 MP: 9/9
 10052 | D:9      | Noticed an obsidian statue
 10330 | D:9      | Reached skill level 5 in Dodging
 10729 | D:9      | Noticed a two-headed ogre
 10733 | D:9      | Killed a two-headed ogre
 10734 | D:9      | Reached skill level 13 in Axes
 10734 | D:9      | Reached skill level 10 in Armour
 10997 | D:9      | Noticed a rust devil
 11002 | D:9      | Killed an obsidian statue
 11182 | D:11     | Noticed a two-headed ogre
 11186 | D:11     | Killed a two-headed ogre
 11520 | D:10     | Paralysed by a hornet for 3 turns
 11822 | D:10     | Reached skill level 14 in Axes
 12135 | D:10     | Reached XP level 11. HP: 89/97 MP: 10/10
 12358 | D:10     | Found a staircase to the Lair.
 13029 | D:11     | Noticed a two-headed ogre
 13039 | D:11     | Killed a two-headed ogre
 13316 | D:11     | Received a gift from Trog
 13613 | D:11     | Reached skill level 15 in Axes
 14194 | D:11     | Noticed a two-headed ogre
 14200 | D:11     | Killed a two-headed ogre
 14201 | D:11     | Reached skill level 10 in Fighting
 14215 | D:13     | Found a gate to the Vaults.
 14215 | D:13     | Noticed Rupert
 14215 | D:13     | Noticed an orc knight
 14215 | D:13     | Noticed a centaur warrior
 14215 | D:13     | Noticed a skeletal warrior
 14226 | D:12     | HP: 7/148 [Rupert/+4 great sword of freezing (1)]
 14227 | D:12     | Mangled by Rupert

Illustrated notes

Levels and vault maps discovered:
D:1:      amcnicky_arrival_choice, layout_loops_cross
D:2:      layout_basic, uniq_sigmund, uniq_robin
D:3:      layout_rooms, serial_shops, nicolae_shop_behind_doors,
          hellmonk_ecumenical_altar_blasted, minmay_goblin_outpost
D:4:      layout_basic, minmay_temple_entry_waves
D:5:      wad_crossroads, layout_basic, serial_corexii_hall,
          corexii_hall_statues_x, corexii_hall_statues_t, serial_shops, shop,
          shop, nicolae_shop_statue_plus, kennysheep_little_box,
          nicolae_shop_behind_doors
D:6:      layout_loops_ring, kb_lookout_dungeons_type, uniq_maggie
D:7:      layout_basic, serial_shops, shop
D:8:      layout_basic, lemuel_round_altar
D:9:      layout_stronghold, minmay_protected_statue
D:10:     lemuel_ice_spiral_2, layout_stronghold, lair_entry_dummy
D:11:     layout_basic, demons_altar
D:12:     layout_roguey, orc_0_dummy, serial_shops, nicolae_shop_window_shopping
D:13:     layout_basic, david_vaults_3, gammafunk_ghost_wrathful_warriors,
          uniq_kirke
Temple:   regret_index_temple_sigil_plot

Skill      XL: |  1  2  3  4  5  6  7  8  9 10 11 |
---------------+----------------------------------+-----
Fighting       | 4 5 6 7 8 9 10 | 10.1
Axes           | 4 6 7 8 10 12 14 15 | 15.2
Dodging        | 3 4 5 |  5.1
Armour         | 3 4 7 9 11 12 | 12.9
Polearms       | |  0.8
Evocations     | |  0.3

Action                   |  1- 3 |  4- 6 |  7- 9 | 10-12 || total
-------------------------+-------+-------+-------+-------++-------
Melee: Hand axe          |    71 |    94 |       |       ||   165
       Headbutt          |    12 |    24 |    51 |    47 ||   134
       Broad axe         |       |    27 |    24 |       ||    51
       Scythe            |       |     1 |       |       ||     1
       War axe           |       |       |   173 |       ||   173
       Battleaxe         |       |       |    59 |   171 ||   230
Invok: Berserk           |     1 |     1 |     1 |     2 ||     5
       Trog's Hand       |       |     1 |     2 |     2 ||     5
Evoke: Wand              |       |       |       |     1 ||     1
       Piece from Xom's  |       |       |       |     1 ||     1
       Tin of tremorston |       |       |       |     2 ||     2
  Use: Scroll            |       |       |     8 |     4 ||    12
 Stab: Sleeping          |       |     1 |       |       ||     1
Armor: Animal skin       |     7 |     3 |       |       ||    10
       Leather armour    |       |     8 |       |       ||     8
       Chain mail        |       |    13 |       |       ||    13
       Plate armour      |       |     8 |    73 |   109 ||   190
       Swamp dragon scal |       |       |    44 |       ||    44
Dodge: Dodged            |    59 |   111 |   107 |    64 ||   341

Table legend: (Time is in decaauts)
 A = Elapsed time spent in this place.
 B = Non-inter-level travel time spent in this place.
 C = Inter-level travel time spent in this place.
 D = Time resting spent in this place.
 E = Time spent auto-exploring this place.
 F = Levels seen in this place.
 G = Mean time per level.
                   A        B        C        D        E       F      G
               +--------+--------+--------+--------+--------+-----+--------+
         Total |  14331 |  13767 |    564 |    308 |  10394 |  14 | 1023.6 |
       Dungeon |  14116 |  13568 |    548 |    308 |  10358 |  13 | 1085.8 |
        Temple |    214 |    198 |     16 |      0 |     36 |   1 |  214.0 |
               +--------+--------+--------+--------+--------+-----+--------+

Top non-repeatable levels by time:
     D:9: 1813 daAuts
    D:10: 1595 daAuts
     D:5: 1551 daAuts
    D:11: 1352 daAuts
     D:8: 1247 daAuts
     D:4: 1229 daAuts
     D:2: 1215 daAuts
     D:7: 1177 daAuts
     D:6: 1032 daAuts
     D:3: 953 daAuts
     D:1: 935 daAuts
  Temple: 214 daAuts
    D:12: 9 daAuts
    D:13: 3 daAuts
